 Dungeon Crawl Stone Soup version 0.19.5 (webtiles) character file.

27231 Kalibur the Severer (level 13, -1/117 HPs)
             Began as a Minotaur Berserker on Apr 7, 2017.
             Was a High Priest of Trog.
             Blown up by an orb spider (46 damage)
             ... with an orb of destruction
             ... on level 1 of the Spider Nest on Apr 10, 2017.
             The game lasted 02:02:51 (16355 turns).

Kalibur the Severer (Minotaur Berserker)           Turns: 16355, Time: 02:02:52

Health: -1/117     AC: 19    Str: 30    XL:     13   Next: 3%
Magic:  21/21      EV: 11    Int:  6    God:    Trog [*****.]
Gold:   746        SH:  0    Dex: 17    Spells: 0 memorised, 12 levels left

rFire  . . .     SeeInvis .     r - +7 battleaxe (chop)
rCold  + . .     Gourm    .     D - +1 plate armour
rNeg   . . .     Faith    .     (shield currently unavailable)
rPois  .         Spirit   .     (helmet restricted)
rElec  .         Reflect  .     x - +0 cloak
rCorr  .         Harm     .     d - +0 pair of gloves
MR     .....     Clarity  +     (no boots)
Stlth  ..........               C - amulet "Pusch" {Regen+ Str+6 Dex+4}
                                N - ring of magical power
                                j - ring of protection from cold

@: lethally poisoned (-1 -> -2)
A: retaliatory headbutt, horns 2, clarity, clever 1, no device heal 1
a: Berserk, Trog's Hand, Brothers in Arms, Burn Spellbooks, Renounce Religion


You were on level 1 of the Spider Nest.
You worshipped Trog.
Trog was extremely pleased with you.
You were not hungry.

You visited 3 branches of the dungeon, and saw 14 of its levels.

You collected 746 gold pieces.

Inventory:

Hand Weapons
 b - a +2 spear
 c - a +5 hand axe
 i - a +3 great sword
 k - a +1 arbalest of freezing
 r - a +7 battleaxe of chopping (weapon)
 A - a +4 mace
 H - a +3 spear
Missiles
 h - 9 tomahawks (quivered)
Armour
 d - a +0 pair of gloves (worn)
 s - a +2 scale mail of cold resistance
 u - a +1 ring mail of positive energy
 x - a +0 cloak (worn)
 D - a +1 plate armour (worn)
Jewellery
 j - a ring of protection from cold (left hand)
 o - an uncursed ring of ice
 C - the amulet "Pusch" (around neck) {Regen+ Str+6 Dex+4}
   (You took it off a crimson imp on level 9 of the Dungeon)

   [amulet of regeneration]

   It affects your strength (+6).
   It affects your dexterity (+4).
   It increases your rate of regeneration.
 N - a ring of magical power (right hand)
 U - an uncursed ring of flight
Wands
 g - a wand of iceblast (5/15)
 p - a wand of lightning (3/15)
 t - a wand of flame (16/48)
 y - a wand of flame (28/48)
 I - a wand of lightning (3/15)
 O - a wand of disintegration (13/24)
 P - a wand of polymorph (11/24)
 S - a wand of flame (15/48)
 T - a wand of enslavement (16/24)
Scrolls
 a - a scroll of recharging
 l - 6 scrolls of remove curse
 q - 5 scrolls of identify
 w - 5 scrolls of magic mapping
 B - a scroll of fog
 J - 3 scrolls of teleportation
 K - a scroll of blinking
Potions
 e - 4 potions of lignification
 f - 6 potions of flight
 m - 2 potions of cure mutation
 v - 4 potions of brilliance
 E - a potion of mutation
 F - a potion of might
 Q - 4 potions of curing
 R - a potion of agility
Comestibles
 n - 5 meat rations
 z - 4 bread rations
 G - 2 beef jerkies
 L - 3 chunks of flesh
 M - a slice of pizza


   Skills:
 + Level 11.7 Fighting
 + Level 15.1(15.6) Axes
 + Level 7.0(12.1) Maces & Flails
 + Level 8.4 Throwing
 + Level 12.6 Armour
 + Level 4.9 Dodging
 + Level 1.7 Stealth


You had 12 spell levels left.
You didn't know any spells.

Dungeon Overview and Level Annotations

Branches:
Dungeon (10/15)            Temple (0/1) D:7            Lair (3/6) D:10
  Swamp (0/4) Lair:3       Spider (1/4) Lair:3
    Orc: D:9-12

Altars:
Ashenzari
Cheibriados
Dithmenos
Elyvilon
Hepliaklqana
Kikubaaqudgha
Makhleb
Okawaru
Trog
Uskayaw
Xom

Shops:
D:5 (


Innate Abilities, Weirdness & Mutations

You reflexively headbutt those who attack you in melee.
You have a pair of horns on your head.
You possess an exceptional clarity of mind.
Your mind is acute. (Int +2)
Potions and wands are less effective at restoring your health.


Message History

You feel sick.
The orb spider hisses angrily.
The jumping spider leaps!
You completely miss the jumping spider. You headbutt the jumping spider.
You kill the jumping spider!
Trog accepts your kill.
You feel sick.
The orb spider spins a strand of pure energy.
You feel sick.
You feel sick.
The orb spider spins a strand of pure energy.
You slice the orb spider!!
The orb spider is heavily wounded.
You feel sick.
You feel sick.
The orb spider weaves a glowing orb of energy.
An orb of destruction comes into view.
You feel sick. The orb of destruction hits you!
You die...

##........#####..##
##.........# ##..#
##........# #..###
##......## #....###
##....## ##...#.##
#....# ##.†...#
......# ##.....###
.....## #..(.....#
....# ##@.s.....#
#..§.s....#
##..§§....#
##.........#
##..........#
#...........#
#....#.......#
#....#....[..#
#....#..#....##


You could see 2 orb spiders.

Vanquished Creatures
  An entropy weaver (Lair:3)
  3 death yaks (Lair:3)
  The ghost of MovingMist the Covered, a novice DDFi of the Shining One (D:9)
  A hill giant (D:10)
  An orb spider (Spider:1)
  2 wolf spiders (Spider:1)
  5 elephants (Lair:1)
  2 black mambas (Lair:2)
  Maurice (D:10)
  2 spiny frogs
  2 demonic crawlers (Spider:1)
  A rime drake (Lair:1)
  A komodo dragon (Lair:1)
  3 polar bears
  A jumping spider (Spider:1)
  A troll (D:10)
  5 hippogriffs
  10 blink frogs
  4 redbacks (Lair:3)
  A tarantella (Spider:1)
  A vampire (D:10)
  A wyvern (Lair:1)
  21 yaks
  A basilisk (Lair:3)
  2 hungry ghosts
  8 porcupines
  3 water moccasins
  2 orc warriors
  2 black bears
  An eye of draining (D:8)
  A necrophage (D:9)
  2 ice beasts
  4 phantoms
  3 ogres
  3 centaurs
  5 crocodiles
  A big kobold (D:7)
  Blork the orc (D:4)
  12 bullfrogs
  A water moccasin zombie (D:8)
  5 scorpions
  15 wights
  28 killer bees
  A howler monkey (D:5)
  A bullfrog zombie (D:10)
  8 crimson imps
  A quasit (D:9)
  A centaur zombie (D:7)
  7 two-headed ogre zombies (D:9)
  2 jellies
  5 orc wizards
  2 gnoll shamans
  6 hounds
  4 orc priests
  3 bullfrog skeletons
  A centaur skeleton (D:10)
  2 iguanas
  Natasha (thrice) (D:2)
  10 worker ants
  2 hound skeletons
  4 worker ant zombies
  15 gnolls
  5 adders
  A shadow imp (D:7)
  2 oozes
  3 adder zombies
  An adder skeleton (D:9)
  8 worms
  2 dart slugs (D:1)
  5 leopard geckos
  41 orcs
  5 bats
  8 giant cockroaches
  2 goblins
  8 hobgoblins
  16 jackals
  15 kobolds
  4 quokkas
  A ball python (D:3)
  4 frilled lizards (D:1)
  5 rats
  A fungus (Lair:2)
  2 plants
388 creatures vanquished.

Vanquished Creatures (collateral kills)
  Fannar (Lair:2)
  A hydra (Lair:2)
  2 polar bears (Lair:1)
  A two-headed ogre (D:10)
  A tarantella (Lair:3)
  3 yaks (Lair:1)
  An ogre (D:9)
  An orc priest (D:9)
  2 two-headed ogre zombies (D:9)
  2 orc wizards (D:9)
  3 gnolls (D:10)
  An orc (D:9)
19 creatures vanquished.

Vanquished Creatures (others)
  A fungus (Lair:3)
  5 plants
6 creatures vanquished.

Grand Total: 413 creatures vanquished

Notes
Turn   | Place    | Note
-------+----------+-------------------------------------------
     0 | D:1      | Kalibur the Minotaur Berserker began the quest for the Orb.
     0 | D:1      | Reached XP level 1. HP: 19/19 MP: 0/0
    22 | D:1      | Reached skill level 4 in Axes
    56 | D:1      | Reached XP level 2. HP: 26/27 MP: 1/1
   663 | D:1      | Reached XP level 3. HP: 22/33 MP: 2/2
   799 | D:1      | Reached ** piety under Trog
  1082 | D:2      | Found a shadowy altar of Dithmenos.
  1377 | D:2      | Noticed Natasha
  1382 | D:2      | Killed Natasha
  1382 | D:2      | Reached skill level 5 in Axes
  1382 | D:2      | Reached XP level 4. HP: 37/40 MP: 3/3
  1402 | D:2      | Found a shimmering altar of Xom.
  1451 | D:2      | Found a hide-covered altar of Uskayaw.
  1451 | D:2      | Found a shattered altar of Ashenzari.
  1489 | D:2      | Noticed Natasha
  1497 | D:2      | Killed Natasha
  1647 | D:2      | You fall through a shaft for 2 floors!
  2045 | D:3      | Reached XP level 5. HP: 44/47 MP: 4/4
  2081 | D:3      | Found a bloodstained altar of Trog.
  2206 | D:3      | Found a white marble altar of Elyvilon.
  2801 | D:2      | Noticed Natasha
  2808 | D:2      | Killed Natasha
  2918 | D:2      | Reached *** piety under Trog
  3160 | D:4      | Found an ancient bone altar of Kikubaaqudgha.
  3189 | D:4      | Noticed Blork the orc
  3195 | D:4      | Killed Blork the orc
  3195 | D:4      | Reached skill level 6 in Axes
  3259 | D:4      | Reached XP level 6. HP: 43/55 MP: 5/5
  3338 | D:4      | Reached skill level 5 in Fighting
  3954 | D:4      | Reached skill level 7 in Axes
  4140 | D:5      | Entered Level 5 of the Dungeon
  4174 | D:5      | Reached skill level 5 in Armour
  4174 | D:5      | Reached XP level 7. HP: 52/61 MP: 6/6
  4473 | D:5      | Found Ehiho's Weapon Shop.
  4545 | D:5      | Reached skill level 1 in Stealth
  4762 | D:5      | Reached skill level 8 in Axes
  4762 | D:5      | Reached skill level 1 in Throwing
  4868 | D:5      | Reached XP level 8. HP: 46/70 MP: 7/7
  5530 | D:6      | Reached **** piety under Trog
  6056 | D:7      | Reached skill level 9 in Axes
  6134 | D:7      | Found a staircase to the Ecumenical Temple.
  6692 | D:7      | Noticed a hippogriff
  6705 | D:7      | Killed a hippogriff
  6705 | D:7      | Reached skill level 1 in Maces & Flails
  6705 | D:7      | Reached XP level 9. HP: 50/78 MP: 8/8
  7512 | D:8      | Found an iron altar of Okawaru.
  8005 | D:8      | Reached ***** piety under Trog
  8232 | D:8      | Reached skill level 5 in Maces & Flails
  8312 | D:8      | Found a snail-covered altar of Cheibriados.
  8588 | D:8      | Found a burning altar of Makhleb.
  8597 | D:8      | Reached skill level 10 in Axes
  9105 | D:9      | Reached XP level 10. HP: 64/88 MP: 9/9
  9408 | D:9      | Got a fine tin amulet
  9511 | D:9      | Noticed MovingMist's ghost (novice DDFi)
  9537 | D:9      | Killed MovingMist's ghost
  9801 | D:9      | Reached skill level 11 in Axes
  9817 | D:9      | Received a gift from Trog
 10556 | D:9      | Reached skill level 10 in Armour
 10642 | D:9      | Found a hazy altar of Hepliaklqana.
 11078 | D:10     | Entered Level 10 of the Dungeon
 11136 | D:10     | Noticed Maurice
 11153 | D:10     | Killed Maurice
 11443 | D:10     | Reached XP level 11. HP: 96/97 MP: 10/10
 11461 | D:10     | Identified the amulet "Pusch" {Regen+ Str+6 Dex+4} (You took it off a crimson imp on level 9 of the Dungeon)
 11855 | D:10     | Reached skill level 12 in Axes
 12080 | D:10     | Noticed a hill giant
 12088 | D:10     | Killed a hill giant
 12145 | D:10     | Found a staircase to the Lair.
 12168 | D:10     | Reached skill level 5 in Throwing
 12318 | Lair:1   | Entered Level 1 of the Lair of Beasts
 12752 | Lair:1   | Received a gift from Trog
 12981 | Lair:1   | Reached skill level 10 in Fighting
 13246 | Lair:1   | Gained mutation: Your mind is acute. (Int +2) [potion of mutation]
 13246 | Lair:1   | Gained mutation: You possess an exceptional clarity of mind. [potion of mutation]
 13246 | Lair:1   | Gained mutation: Potions and wands are less effective at restoring your health. [potion of mutation]
 13528 | Lair:1   | Reached skill level 13 in Axes
 13827 | Lair:2   | Noticed Fannar
 13842 | Lair:2   | Killed Fannar
 13842 | Lair:2   | Reached XP level 12. HP: 90/108 MP: 11/11
 14422 | Lair:2   | Reached skill level 14 in Axes
 14508 | Lair:2   | Noticed an eight-headed hydra
 14520 | Lair:2   | Killed an eight-headed hydra
 14902 | Lair:3   | Found a hole to the Spider Nest.
 14969 | Lair:3   | Found a staircase to the Swamp.
 15603 | Lair:3   | Noticed a death yak
 15604 | Lair:3   | Noticed a death yak
 15609 | Lair:3   | Noticed a death yak
 15619 | Lair:3   | Killed a death yak
 15623 | Lair:3   | Killed a death yak
 15630 | Lair:3   | Killed a death yak
 15852 | Spider:1 | Entered Level 1 of the Spider Nest
 15852 | Spider:1 | Noticed an entropy weaver
 16074 | Lair:3   | Killed an entropy weaver
 16074 | Lair:3   | Reached skill level 15 in Axes
 16337 | Spider:1 | Reached XP level 13. HP: 97/117 MP: 12/12
 16355 | Spider:1 | Blown up by an orb spider

Skill      XL: |  1  2  3  4  5  6  7  8  9 10 11 12 |
---------------+-------------------------------------+-----
Axes           | 4 5 6 7 8 9 10 11 13 15 | 15.1
Fighting       | 4 5 6 8 9 10 11 | 11.7
Armour         | 3 5 6 7 8 10 11 12 | 12.6
Dodging        | 3 4 |  4.9
Stealth        | 1 |  1.7
Throwing       | 1 2 4 6 8 |  8.4
Maces & Flails | 1 6 7 |  7.0

Action                   |  1- 3 |  4- 6 |  7- 9 | 10-12 | 13-15 || total
-------------------------+-------+-------+-------+-------+-------++-------
Melee: Hand axe          |    81 |   112 |   268 |   105 |       ||   566
       Headbutt          |    11 |    17 |    77 |    99 |     2 ||   206
       Mace              |       |       |   115 |       |       ||   115
       Battleaxe         |       |       |       |   320 |     8 ||   328
Throw: Tomahawk          |       |     6 |    24 |   200 |     1 ||   231
Invok: Berserk           |     1 |     5 |     4 |     5 |       ||    15
       Trog's Hand       |     1 |     1 |     1 |     2 |       ||     5
       Burn Spellbooks   |       |       |     3 |     2 |       ||     5
       Brothers in Arms  |       |       |       |     8 |       ||     8
  Use: Scroll            |     4 |    10 |     9 |     8 |       ||    31
       Potion            |       |       |     3 |    12 |       ||    15
  Eat: Chunk             |     3 |     9 |     5 |    15 |       ||    32
       Bread ration      |       |     1 |     1 |       |       ||     2
       Meat ration       |       |       |     2 |     4 |       ||     6
       Beef jerky        |       |       |       |     1 |       ||     1
       Pizza             |       |       |       |     1 |       ||     1
Armor: Animal skin       |     3 |       |       |       |       ||     3
       Leather armour    |    13 |     9 |       |       |       ||    22
       Ring mail         |       |    20 |    86 |       |       ||   106
       Plate armour      |       |       |    76 |   243 |     7 ||   326
Dodge: Dodged            |    63 |    67 |   211 |   206 |     5 ||   552
